[Event "*** Qualifier 2: Titled Tuesday 3|2 Blitz"]
[Site "Chess.com"]
[Date "2017.04.11"]
[Round "6"]
[White "chesstatour"]
[Black "Maitreia"]
[Result "0-1"]
[WhiteElo "1948"]
[BlackElo "2496"]
[TimeControl "180+2"]
[EndTime "14:20:09 PDT"]
[Termination "Maitreia won by resignation"]

1. c4 Nf6 2. Nc3 g6 3. d4 Bg7 4. e4 O-O 5. f4 d6 6. Nf3 c5 7. d5 Bg4 8. Bd3 e6 9. dxe6 fxe6 10. O-O Nc6 11. Qe1 Bxf3 12. Rxf3 Nd4 13. Rh3 e5 14. fxe5 dxe5 15. Bg5 Ne6 16. Bxf6 Qd4+ 17. Kh1 Rxf6 18. Rd1 Raf8 19. Nd5 R6f7 20. b3 Nf4 21. Nxf4 Rxf4 22. Bb1 Qxd1 0-1

[Event "*** Qualifier 2: Titled Tuesday 3|2 Blitz"]
[Site "Chess.com"]
[Date "2017.04.11"]
[Round "6"]
[White "Rodalquilar"]
[Black "FancyPlaySyndrome"]
[Result "1-0"]
[WhiteElo "2525"]
[BlackElo "2386"]
[TimeControl "180+2"]
[EndTime "14:20:41 PDT"]
[Termination "Rodalquilar won by resignation"]

1. d4 g6 2. e4 Bg7 3. Nc3 d6 4. g3 Nd7 5. Bg2 e5 6. Nge2 Ngf6 7. h3 O-O 8. O-O a6 9. a4 Rb8 10. Be3 b5 11. axb5 axb5 12. dxe5 dxe5 13. Ra7 b4 14. Nd5 c6 15. Nxf6+ Nxf6 16. Bc5 Re8 17. Bd6 Rb7 18. Rxb7 Bxb7 19. Bxb4 Qb6 20. Ba3 Ba6 21. Re1 Rd8 22. Qc1 h6 23. Nc3 Rd4 24. b3 Kh7 25. Na4 Qd8 26. Bb2 Rd2 27. Bc3 Rd6 28. Nc5 Bc8 29. Bxe5 1-0

[Event "*** Qualifier 2: Titled Tuesday 3|2 Blitz"]
[Site "Chess.com"]
[Date "2017.04.11"]
[Round "6"]
[White "Vrolijk"]
[Black "StarkAst"]
[Result "1-0"]
[WhiteElo "2299"]
[BlackElo "2332"]
[TimeControl "180+2"]
[EndTime "14:21:08 PDT"]
[Termination "Vrolijk won by resignation"]

1. d4 d5 2. c4 e6 3. Nf3 Nf6 4.
g3 dxc4 5. Bg2 Bb4+ 6. Bd2 c5 7. O-O O-O 8. Bxb4 cxb4 9. Ne5 Nc6 10. Nxc6 bxc6 11.
a3 Rb8 12. axb4 Rxb4 13. Rxa7 Rxb2 14. Ra4 Qb6 15. Rxc4 Rd8 16. Rxc6 Qb4 17. Qc1 Bb7 18. Rc4 Qb6 19. Bxb7 Qxb7 20. Nc3 Qb6 21. Na4 Qb7 22. Qxb2 1-0

[Event "*** Qualifier 2: Titled Tuesday 3|2 Blitz"]
[Site "Chess.com"]
[Date "2017.04.11"]
[Round "6"]
[White "FairChess_on_YouTube"]
[Black "FelixBlohberger"]
[Result "1-0"]
[WhiteElo "2693"]
[BlackElo "2241"]
[TimeControl "180+2"]
[EndTime "14:21:09 PDT"]
[Termination "FairChess_on_YouTube won by resignation"]

1. e4 e5 2. f4 exf4 3. Bc4 d5 4.
Bxd5 Nf6 5. Nc3 Bb4 6. Nf3 Bxc3 7. dxc3 c6 8. Bb3 Qxd1+ 9. Kxd1 O-O 10. Bxf4 Nxe4 11.
Kc1 Nd7 12. Re1 Ndc5 13. Bc4 Be6 14. Bxe6 fxe6 15. Be3 Nd7 16. Bd4 Ndf6 17. b3 Rfe8 18. Kb2 c5 19. Be5 Rad8 20. Rad1 b6 21. h3 Rxd1 22.
Rxd1 Kf7 23. g4 h6 24. c4 Ke7 25. Re1 Rd8 26. h4 Nd6 27. g5 hxg5 28. hxg5 Nh5 29. Nh4 Kd7 30. Ng6 Kc6 31. Rh1 Nf7 32. Rxh5 Nxe5 33. Nxe5+ Kb7 34. Rh7 1-0

[Event "*** Qualifier 2: Titled Tuesday 3|2 Blitz"]
[Site "Chess.com"]
[Date "2017.04.11"]
[Round "6"]
[White "DiogenesSinopeus"]
[Black "Indianlad"]
[Result "0-1"]
[WhiteElo "2281"]
[BlackElo "2602"]
[TimeControl "180+2"]
[EndTime "14:21:25 PDT"]
[Termination "Indianlad won by resignation"]

1. d4 Nf6 2. c4 e6 3. Nc3 Bb4 4. e3 O-O 5. Bd3 b6 6. Ne2 Bb7 7. O-O d5 8. cxd5 exd5 9. a3 Bd6 10.
b4 Re8 11. Qc2 a6 12. Ng3 Nbd7 13. Bd2 g6 14. Rac1 Rc8 15. Rfd1 Qe7 16. Qa2 h5 17. Nge2 b5 18. h3 Nb6 19. Re1 Ne4 20. Nxe4 dxe4 21.
Bc2 Bd5 22. Bb3 Nc4 23. Red1 c6 24. Be1 Qe6 25. Nc3 Bb8 26. Nxd5 cxd5 27. Bxc4 bxc4 28.
Bc3 Qd6 29. g3 h4 30. Be1 Kg7 31. Qe2 Rh8 32. Qg4 f5 33. Qf4 Qe6 34. Qg5 Rh5 0-1

[Event "*** Qualifier 2: Titled Tuesday 3|2 Blitz"]
[Site "Chess.com"]
[Date "2017.04.11"]
[Round "6"]
[White "rpragchess"]
[Black "luisgui16"]
[Result "0-1"]
[WhiteElo "2213"]
[BlackElo "2136"]
[TimeControl "180+2"]
[EndTime "14:21:28 PDT"]
[Termination "luisgui16 won by resignation"]

1. e4 g6 2. d4 Bg7 3. Nc3 d6 4.
Be3 a6 5. Qd2 b5 6. h4 Bb7 7. h5 b4 8. Nd5 a5 9. f3 Bxd5 10. e5 Bb7 11. O-O-O dxe5 12. h6 Bf6 13. Qf2 exd4 14. Bxd4 Qc8 15. Bc4 Nc6 16. Bxf6 Nxf6 17.
g4 O-O 18. Qc5 Qb8 19. g5 Ne8 20. Bb5 Qa7 21. Qc4 Qb6 22. Bxc6 Qxc6 23. Qd4 Qd6 24.
Qe3 Qe6 25. Qf4 Qxa2 26. Rd3 Ba6 27. Rd7 Qe6 28. Qd2 Bb5 29. Rd5 c6 30. Rd4 b3 31. c3 a4 32. Nh3 a3 33. bxa3 Rxa3 34. Kb1 c5 0-1

[Event "*** Qualifier 2: Titled Tuesday 3|2 Blitz"]
[Site "Chess.com"]
[Date "2017.04.11"]
[Round "6"]
[White "Alexander_Moskalenko"]
[Black "donotreadit"]
[Result "1-0"]
[WhiteElo "2651"]
[BlackElo "2521"]
[TimeControl "180+2"]
[EndTime "14:21:31 PDT"]
[Termination "Alexander_Moskalenko won by resignation"]

1. d4 d6 2. c4 e5 3. Nf3 e4 4.
Ng5 Nf6 5. Nc3 Bf5 6. f3 exf3 7. gxf3 Nc6 8. e4 Bd7 9. h4 Be7 10. f4 Bg4 11. Be2 Bxe2 12. Kxe2 Qd7 13. Be3 Nh5 14. Kd2 g6 15. a3 Na5 16. b3 c5 17. dxc5 dxc5+ 18. Kc2 Qxd1+ 19. Raxd1 b6 20. Nd5 Rc8 21. Rhg1 Nc6 22.
Nf3 Nf6 23. e5 Nh5 24. f5 gxf5 25. Bh6 Nd8 26. Ng5 Ne6 27. Nxe6 fxe6 28. Nxe7 Kxe7 29.
Rg5 Kf7 30. Rd7+ Ke8 31. Rxa7 Nf4 32. Rgg7 Ng6 33. h5 Nxe5 34. Rge7+ Kd8 35. Bg5 h6 36. Rh7+ 1-0

[Event "*** Qualifier 2: Titled Tuesday 3|2 Blitz"]
[Site "Chess.com"]
[Date "2017.04.11"]
[Round "6"]
[White "Sanan_Sjugirov"]
[Black "EvgenyT"]
[Result "0-1"]
[WhiteElo "2680"]
[BlackElo "2568"]
[TimeControl "180+2"]
[EndTime "14:21:33 PDT"]
[Termination "EvgenyT won by resignation"]

1. d4 Nf6 2. Nf3 e6 3. Bg5 h6 4.
Bh4 d6 5. Nbd2 g5 6. Bg3 Nh5 7.
e3 Bg7 8. c3 Nd7 9. Bd3 Ndf6 10.
Qb3 Qe7 11. O-O-O a6 12. Qc2 b5 13. e4 Nxg3 14. hxg3 Ng4 15. Nb3 c5 16. dxc5 dxc5 17. c4 O-O 18. e5 Bb7 19. Rde1 Bxf3 20. gxf3 Nxe5 21. Bh7+ Kh8 22. Nd2 f5 23. f4 gxf4 24. gxf4 Nc6 25. Bg6 Qf6 26. Reg1 Rad8 27. Nf3 Nb4 0-1

[Event "*** Qualifier 2: Titled Tuesday 3|2 Blitz"]
[Site "Chess.com"]
[Date "2017.04.11"]
[Round "6"]
[White "Noukii"]
[Black "Buffy7"]
[Result "1-0"]
[WhiteElo "2631"]
[BlackElo "2516"]
[TimeControl "180+2"]
[EndTime "14:21:37 PDT"]
[Termination "Noukii won by resignation"]

1. d4 d5 2. c4 c6 3. Nc3 Nf6 4. Nf3 e6 5. Bg5 h6 6. Bxf6 Qxf6 7.
Qb3 g6 8. e4 dxe4 9. Nxe4 Qg7 10. Bd3 Be7 11. O-O O-O 12. Rfe1 Nd7 13. Rad1 b6 14. Ng3 Bb7 15. h4 Rfe8 16. Qa4 a6 17.
Be4 b5 18. Qb3 Nf6 19. c5 Nd7 20. Bb1 Rad8 21. Qe3 e5 22. b4 exd4 23. Rxd4 Qf8 24. Re4 Nf6 25. Rxe7 Nd5 26. Rxe8 Nxe3 27. Rxf8+ Kxf8 28. Rxe3 1-0

[Event "*** Qualifier 2: Titled Tuesday 3|2 Blitz"]
[Site "Chess.com"]
[Date "2017.04.11"]
[Round "6"]
[White "RitvarsReimanis"]
[Black "amaidel"]
[Result "1-0"]
[WhiteElo "2425"]
[BlackElo "2449"]
[TimeControl "180+2"]
[EndTime "14:21:52 PDT"]
[Termination "RitvarsReimanis won by resignation"]

1. d4 d5 2. c4 c6 3. Nf3 Nf6 4. e3 Bg4 5. Qb3 Qb6 6. Ne5 Be6 7. Nc3 dxc4 8. Bxc4 Bxc4 9. Nxc4 Qc7 10. Bd2 Nbd7 11. h3 e6 12. O-O Be7 13. Rfe1 O-O 14. e4 b5 15. Ne3 a5 16. e5 Nd5 17. Ncxd5 exd5 18. Rac1 Qb7 19. Nf5 Rfe8 20. Qg3 g6 21.
e6 fxe6 22. Rxe6 Nf8 23. Rexc6 Qd7 24. Nh6+ Kg7 25. Qe5+ 1-0

[Event "*** Qualifier 2: Titled Tuesday 3|2 Blitz"]
[Site "Chess.com"]
[Date "2017.04.11"]
[Round "6"]
[White "chessking2151"]
[Black "aa175"]
[Result "1-0"]
[WhiteElo "2337"]
[BlackElo "1866"]
[TimeControl "180+2"]
[EndTime "14:21:54 PDT"]
[Termination "chessking2151 won by checkmate"]

1. e4 e5 2. Nf3 Nc6 3. Bb5 Nf6 4. O-O a6 5. Bxc6 dxc6 6. Nxe5 Bd6 7. Nf3 Bg4 8. h3 Bh5 9. e5 Bxf3 10. Qxf3 Bxe5 11. Re1 Qe7 12. d4 Bh2+ 13. Kf1 Qxe1+ 14. Kxe1 O-O-O 15. Be3 Bd6 16. Nc3 Rhe8 17. Kf1 Bb4 18.
g4 Kb8 19. a3 Bd6 20. Kg2 h6 21. h4 Be7 22. g5 Nd5 23. Nxd5 Rxd5 24. Qxf7 Rdd8 25.
g6 Bf6 26. Rd1 Re4 27. h5 Rd5 28. Bxh6 Rxh5 29. Bxg7 Bg5 30. Be5 Rg4+ 31. Kf3 Rgh4 32. g7 Rh3+ 33. Ke2 R5h4 34. g8=Q+ Ka7 35. Qxc7 Re4+ 36.
Kf1 Rh1+ 37. Kg2 Rxd1 38. Qgb8# 1-0

[Event "*** Qualifier 2: Titled Tuesday 3|2 Blitz"]
[Site "Chess.com"]
[Date "2017.04.11"]
[Round "6"]
[White "aRk_iN"]
[Black "Generalas"]
[Result "0-1"]
[WhiteElo "2139"]
[BlackElo "2223"]
[TimeControl "180+2"]
[EndTime "14:22:24 PDT"]
[Termination "Generalas won by resignation"]

1. e4 e5 2. Nf3 Nc6 3. Bb5 a6 4.
Bxc6 dxc6 5. O-O Qf6 6. d4 exd4 7. Nxd4 Bd7 8. c3 O-O-O 9. Qe2 Bc5 10. Be3 Ne7 11. Nd2 Ng6 12. N2b3 Bb6 13. a4 Rhe8 14. f3 Nf4 15. Qd2 g5 16. a5 Ba7 17. Qf2 c5 18. Nc2 Bb5 19. Rfd1 Nd3 20. Qg3 h6 21. Rd2 Nxb2 22.
Rxd8+ Rxd8 23. Rb1 Na4 24. Nd2 Nxc3 25. Re1 Ne2+ 26.
Rxe2 Bxe2 27. h4 gxh4 28. Qh3+ Kb8 0-1

[Event "*** Qualifier 2: Titled Tuesday 3|2 Blitz"]
[Site "Chess.com"]
[Date "2017.04.11"]
[Round "6"]
[White "Cecile_Haussernot"]
[Black "ShimanovAlex"]
[Result "1-0"]
[WhiteElo "2318"]
[BlackElo "2611"]
[TimeControl "180+2"]
[EndTime "14:22:45 PDT"]
[Termination "Cecile_Haussernot won on time"]

1. e4 c6 2. d4 d5 3. e5 Bf5 4. h4 h5 5. Bd3 Bxd3 6. Qxd3 Qa5+ 7.
Bd2 Qa6 8. Qb3 e6 9. Nc3 Ne7 10. Nf3 Nf5 11. Ne2 c5 12. c3 Nc6 13. a4 Na5 14. Qb5+ Qxb5 15. axb5 Nb3 16. Ra4 c4 17. Kd1 Kd7 18. Nc1 Nxc1 19. Kxc1 Be7 20. Kc2 Kc7 21. g3 Kb6 22. Rha1 Kxb5 23. Rxa7 Rxa7 24. Rxa7 Kb6 25. Ra1 Kc6 26. b3 cxb3+ 27. Kxb3 Rc8 28. Ne1 b6 29.
Ra7 Rc7 30. Ra8 Kb7 31. Rh8 Rc8 32. Rxh5 Ra8 33. Rh7 Bf8 34. h5 Ne7 35. h6 gxh6 36. Rxf7 Kc6 37. Nd3 Kb5 38. Nf4 Nc6 39. Nxe6 Ra3+ 40. Kb2 1-0

[Event "*** Qualifier 2: Titled Tuesday 3|2 Blitz"]
[Site "Chess.com"]
[Date "2017.04.11"]
[Round "6"]
[White "maciek_92"]
[Black "Cayse"]
[Result "1-0"]
[WhiteElo "2544"]
[BlackElo "2604"]
[TimeControl "180+2"]
[EndTime "14:22:45 PDT"]
[Termination "maciek_92 won by resignation"]

1. c4 e6 2. d4 Nf6 3. Nf3 d5 4.
Nc3 Be7 5. Bf4 O-O 6. e3 Nbd7 7. Rc1 c6 8. Qc2 h6 9. h3 Qa5 10. a3 Re8 11. Bh2 dxc4 12. Bxc4 b5 13. Bd3 Bb7 14. O-O Qb6 15. Ne5 Nxe5 16. Bxe5 Rec8 17. Bxf6 Bxf6 18. Ne4 Be7 19. Nc5 Rab8 20. Nd7 Qc7 21. Nxb8 Qxb8 22.
Bh7+ Kh8 23. Be4 a6 24. Qe2 Qd6 25. Rc2 e5 26. Rd1 Re8 27. Qf3 Bf6 28. dxe5 Qxe5 29. Bxc6 Rc8 30. Rdc1 Bxc6 31. Rxc6 Rd8 32. R1c2 Kh7 33. g3 a5 34. R6c5 Qd6 35. Rxb5 a4 36. Kg2 Re8 37. Rd5 Qb6 38. h4 g6 39. Rd7 Kg7 40.
Rcc7 Rf8 41. Qd5 1-0

[Event "*** Qualifier 2: Titled Tuesday 3|2 Blitz"]
[Site "Chess.com"]
[Date "2017.04.11"]
[Round "6"]
[White "JaimeSantosLatasa"]
[Black "jlandaw"]
[Result "1-0"]
[WhiteElo "2539"]
[BlackElo "2365"]
[TimeControl "180+2"]
[EndTime "14:22:46 PDT"]
[Termination "JaimeSantosLatasa won by resignation"]

1. d4 d5 2. c4 c6 3. e3 Nf6 4.
Nc3 e6 5. Bd2 Bd6 6. c5 Bc7 7.
f4 g6 8. b4 b6 9. Nf3 O-O 10. a3 Nfd7 11. g4 f6 12. Bg2 e5 13.
O-O e4 14. Ne1 Rf7 15. Nc2 Nf8 16. b5 bxc5 17. dxc5 cxb5 18. Nxb5 Ba6 19. Ncd4 Qe8 20. a4 Ne6 21. Qb3 Nxd4 22. exd4 Qc6 23. Nxc7 Qxc7 24.
Qxd5 Bb7 25. Qe6 f5 26. Be3 Bc8 27. Qe5 Nc6 28. Qxc7 Rxc7 29. d5 Nb4 30. d6 Rf7 31. Rab1 a5 32. Rfd1 Bd7 33. Bf1 Bxa4 34. Rdc1 Nd3 35.
Bxd3 exd3 36. c6 Bc2 37. Rb7 a4 38. c7 Kg7 39. d7 Rxd7 40. c8=Q Rxc8 41. Rxd7+ Kg8 42.
Rxd3 1-0

[Event "*** Qualifier 2: Titled Tuesday 3|2 Blitz"]
[Site "Chess.com"]
[Date "2017.04.11"]
[Round "6"]
[White "kleinebeer98"]
[Black "bilelou"]
[Result "0-1"]
[WhiteElo "2465"]
[BlackElo "2358"]
[TimeControl "180+2"]
[EndTime "14:22:50 PDT"]
[Termination "bilelou won by checkmate"]

1. e4 c5 2. Nf3 d6 3. d4 cxd4 4. Nxd4 Nf6 5. Nc3 a6 6. Rg1 e5 7. Nb3 Be6 8. f4 exf4 9. Bxf4 Nc6 10. Qd2 d5 11. O-O-O Bb4 12. a3 Bxc3 13. Qxc3 O-O 14. e5 Ne4 15. Qe3 Rc8 16. Bd3 f5 17. exf6 Qxf6 18.
Rgf1 Bf5 19. Kb1 Rfe8 20. Qb6 Qg6 21. Qxb7 Re7 22. Qxa6 Rf8 23. Qb5 h6 24. Qxd5+ Kh7 25. Bc1 Qxg2 26. Rxf5 Rd8 27. Qxc6 Rxd3 28. Rd5 Rxd1 29.
Nd4 Rxc1+ 30. Ka2 Qg1 31. Rf5 Nd2 32. b3 Ra1+ 33. Kb2 Re3 34. Rg5 Qc1# 0-1

[Event "*** Qualifier 2: Titled Tuesday 3|2 Blitz"]
[Site "Chess.com"]
[Date "2017.04.11"]
[Round "6"]
[White "biostatistician"]
[Black "1e41-0"]
[Result "1-0"]
[WhiteElo "2432"]
[BlackElo "2308"]
[TimeControl "180+2"]
[EndTime "14:22:59 PDT"]
[Termination "biostatistician won by resignation"]

1. d4 d5 2. Nf3 Nf6 3. c4 c6 4.
cxd5 cxd5 5. Nc3 Nc6 6. Bf4 Qb6 7. Na4 Qa5+ 8. Bd2 Qc7 9. Rc1 Bf5 10. e3 e6 11. Bb5 Bd6 12. Nc5 Rc8 13. Qa4 O-O 14. O-O Ne4 15. Bxc6 bxc6 16. Bb4 Nxc5 17. Bxc5 Bxc5 18.
Rxc5 Qb6 19. b3 Bd3 20. Rfc1 Bb5 21. Qb4 a5 22. Qc3 a4 23. Ne5 axb3 24. Qxb3 Qa6 25. Qc2 Ra8 26. Ra1 Rfc8 27. h3 f6 28. Nf3 Bc4 29. a4 Rcb8 30. a5 Rb5 31. Rxb5 Qxb5 32. Qc3 Ra6 33. Nd2 Bd3 34. Nb3 Qc4 35. Qxc4 Bxc4 36.
Nc5 Ra7 37. a6 Kf7 38. Rb1 Bxa6 39. Ra1 e5 40. Rxa6 Rxa6 41. Nxa6 Ke7 42. Nc5 Kd6 43. g4 Kc7 44. Ne6+ Kb6 45. Nxg7 exd4 46. exd4 c5 47.
dxc5+ Kxc5 48. Kf1 d4 49. Ke2 Kd6 50. f4 Kd5 51. Kd3 Kc5 52. Ne6+ Kd5 1-0

[Event "*** Qualifier 2: Titled Tuesday 3|2 Blitz"]
[Site "Chess.com"]
[Date "2017.04.11"]
[Round "6"]
[White "Blitzstream"]
[Black "pedromartinez91"]
[Result "1-0"]
[WhiteElo "2477"]
[BlackElo "2317"]
[TimeControl "180+2"]
[EndTime "14:23:12 PDT"]
[Termination "Blitzstream won on time"]

1. d4 g6 2. e4 d6 3. Nc3 e6 4. h4 h6 5. h5 g5 6. Be3 Bg7 7. Qd2 b6 8. O-O-O Bb7 9. Kb1 Nd7 10.
f4 gxf4 11. Bxf4 Qe7 12. Nf3 O-O-O 13. Bd3 Ngf6 14. Qe2 Ng4 15. Ba6 Rhg8 16. Rhf1 Ndf6 17. Bxb7+ Kxb7 18. a4 Nxh5 19. Qd2 a6 20. a5 b5 21.
Rfe1 e5 22. Be3 Nxe3 23. Qxe3 exd4 24. Nxd4 Bxd4 25. Qxd4 Qe5 26. Qb4 Rxg2 27. Rd5 c5 28.
Qb3 Qg3 29. Red1 b4 30. Rxh5 Ka7 31. Qxf7+ Kb8 32. Rxc5 Qg7 33. Qxg7 Rxg7 34. Na4 h5 35. Rxh5 1-0

[Event "*** Qualifier 2: Titled Tuesday 3|2 Blitz"]
[Site "Chess.com"]
[Date "2017.04.11"]
[Round "6"]
[White "FearNoEvil12"]
[Black "jcgs1030"]
[Result "0-1"]
[WhiteElo "2074"]
[BlackElo "2292"]
[TimeControl "180+2"]
[EndTime "14:23:26 PDT"]
[Termination "jcgs1030 won by resignation"]

1. e4 c5 2. Nc3 d6 3. f4 g6 4. Bc4 Nc6 5. Nf3 Bg7 6. f5 Nf6 7.
d3 gxf5 8. O-O h6 9. Bf4 a6 10. a4 Qa5 11. e5 Nh5 12. Bd2 dxe5 13. Nd5 Qd8 14. Nxe5 Nxe5 15. Qxh5 Nxc4 16. dxc4 e6 17. Rae1 Kf8 18. Rxf5 exf5 19. Re7 Be6 20. Rxf7+ Bxf7 21. Qxf5 Qc8 22. Qf3 Qc6 23. Bf4 Re8 24. h4 b5 25.
axb5 axb5 26. b3 bxc4 27. bxc4 Bd4+ 28. Kh2 Bf6 29. Be3 Bg7 30. Bf4 Bxd5 31. cxd5 Qf6 32.
d6 Kg8 33. d7 Qxh4+ 34. Qh3 Qxh3+ 35. Kxh3 Rd8 36. Bd6 Rxd7 37. Bxc5 Rc7 0-1

[Event "*** Qualifier 2: Titled Tuesday 3|2 Blitz"]
[Site "Chess.com"]
[Date "2017.04.11"]
[Round "6"]
[White "rasmussvane"]
[Black "tigra"]
[Result "0-1"]
[WhiteElo "2524"]
[BlackElo "2612"]
[TimeControl "180+2"]
[EndTime "14:23:28 PDT"]
[Termination "tigra won by checkmate"]

1. Nf3 g6 2. d4 Bg7 3. c4 Nf6 4.
Nc3 d5 5. cxd5 Nxd5 6. e4 Nxc3 7. bxc3 c5 8. h3 Nc6 9. Be3 cxd4 10. cxd4 Qa5+ 11.
Bd2 Qa3 12. d5 Ne5 13. Nxe5 Bxe5 14. Rb1 O-O 15. Bc4 b5 16. Bxb5 Rb8 17. Bc4 Ba6 18. Rb3 Qxa2 19. Rxb8 Qxc4 20. Rxf8+ Kxf8 21. Qf3 Qc2 22.
Qa3 Qb1+ 23. Bc1 Qxe4+ 24. Be3 Qc2 25. Bd2 Bc4 26. Qc1 Qe4+ 27. Be3 Qd3 28. Qd2 Qb1+ 29. Qc1 Bc3+ 30. Kd1 Qd3+ 31. Bd2 Bd4 32. f3 Qe2+ 33.
Kc2 Qxg2 34. Re1 Qxf3 35. Be3 Qe4+ 36. Kd2 Qd3# 0-1

[Event "*** Qualifier 2: Titled Tuesday 3|2 Blitz"]
[Site "Chess.com"]
[Date "2017.04.11"]
[Round "6"]
[White "PowerThinking2650"]
[Black "MyleneFarmer"]
[Result "0-1"]
[WhiteElo "2202"]
[BlackElo "2310"]
[TimeControl "180+2"]
[EndTime "14:23:31 PDT"]
[Termination "MyleneFarmer won by resignation"]

1. e4 c5 2. Nf3 d6 3. d4 cxd4 4.
Nxd4 Nf6 5. Nc3 g6 6. Bc4 Bg7 7. Be3 O-O 8. f3 Nc6 9. Qd2 Bd7 10. O-O-O Rc8 11. Bb3 Nxd4 12. Bxd4 a5 13. a4 b5 14. axb5 a4 15. Nxa4 Bxb5 16. Nb6 Rb8 17. Qa5 Bc6 18. Nc4 Qc8 19. e5 Ra8 20. exf6 Rxa5 21. Nxa5 Bxf6 22. Bxf6 exf6 23. Rxd6 Bb5 24. Rb6 Bd7 25. Rd1 Bf5 26. Nc6 Qc7 27. Ra6 Rc8 28. Nd4 Bd7 29. Kb1 Qxh2 30. Ra7 Qd6 31. c3 Rb8 32.
Ba2 Qb6 33. Bxf7+ Kh8 34. Bb3 Qxa7 35. Kc2 Ba4 36. Ra1 Bxb3+ 37. Nxb3 Qf2+ 38. Nd2 Qxg2 0-1

[Event "*** Qualifier 2: Titled Tuesday 3|2 Blitz"]
[Site "Chess.com"]
[Date "2017.04.11"]
[Round "6"]
[White "Kacparov"]
[Black "iturrizaga"]
[Result "1-0"]
[WhiteElo "2604"]
[BlackElo "2637"]
[TimeControl "180+2"]
[EndTime "14:23:48 PDT"]
[Termination "Kacparov won on time"]

1. e4 c5 2. Nf3 g6 3. d4 cxd4 4. Nxd4 Nc6 5. Nc3 Bg7 6. Be3 Nf6 7. Bc4 O-O 8. Bb3 a5 9. a4 Ng4 10. Qxg4 Nxd4 11. Qd1 Nxb3 12. cxb3 Ra6 13. O-O Re6 14.
Qd3 b6 15. Rfd1 f5 16. exf5 Rxf5 17. Rd2 Qf8 18. Rad1 h6 19. Qc4 Kh7 20. Nd5 Rfe5 21. h3 Bb7 22. Nf4 Rc6 23. Qf1 d6 24. Qd3 Qf7 25. Nd5 Bc8 26. b4 axb4 27. Nxb4 Rc4 28. Nd5 Rxa4 29. Nxb6 Bf5 30. Qf1 Rb4 31. Nd5 Rbe4 32. Nc3 Rxe3 33. fxe3 Rxe3 34. Nd5 Rg3 35. Kh1 Be5 36. Rf2 Qe6 37. Nf4 Qb3 38. Ne2 h5 39. Nd4 Qb8 40. Nxf5 Rxh3+ 41. gxh3 1-0

[Event "*** Qualifier 2: Titled Tuesday 3|2 Blitz"]
[Site "Chess.com"]
[Date "2017.04.11"]
[Round "6"]
[White "evgenysharapov"]
[Black "justantan"]
[Result "0-1"]
[WhiteElo "2276"]
[BlackElo "2280"]
[TimeControl "180+2"]
[EndTime "14:23:49 PDT"]
[Termination "justantan won by resignation"]

1. e4 e5 2. Nf3 Nc6 3. Bb5 a6 4. Ba4 Nf6 5. O-O Be7 6. Re1 b5 7.
Bb3 d6 8. c3 O-O 9. h3 Nb8 10. d4 Nbd7 11. Nbd2 Bb7 12. Bc2 Re8 13. Nf1 Bf8 14. Ng3 g6 15. Nh2 d5 16. dxe5 Nxe4 17. Nxe4 dxe4 18. Ng4 h5 19. Qxd7 hxg4 20. Qxg4 Rxe5 21.
Bf4 Re8 22. Rad1 Qc8 23. Qg3 c5 24. Bd6 Qf5 25. Bxf8 Kxf8 26. Qd6+ Kg7 27. Qd7 Qxd7 28. Rxd7 Bc6 29. Rd6 Rac8 30. g4 Red8 31. Red1 Rxd6 32. Rxd6 f6 33. Kh2 g5 34. Kg3 Kf7 35. h4 Ke7 36. Rd2 gxh4+ 37. Kxh4 Ke6 38. Re2 Ke5 39. Kg3 f5 40. f3 f4+ 41. Kg2 e3 42. Re1 Rd8 43. Rd1 Rg8 44. Bf5 Bd5 45. b3 a5 46. Rh1 b4 47. c4 Ba8 48. Rd1 Rg7 49. Rd8 Bb7 50. Be4 Bxe4 51. Re8+ Kd4 52. Rxe4+ Kd3 53. Rxf4 Re7 54.
Kf1 Kd2 0-1

[Event "*** Qualifier 2: Titled Tuesday 3|2 Blitz"]
[Site "Chess.com"]
[Date "2017.04.11"]
[Round "6"]
[White "MFBerna"]
[Black "MattyDPerrine"]
[Result "0-1"]
[WhiteElo "2136"]
[BlackElo "2293"]
[TimeControl "180+2"]
[EndTime "14:23:52 PDT"]
[Termination "MattyDPerrine won by checkmate"]

1. e4 c5 2. Nf3 g6 3. c3 Bg7 4. d4 cxd4 5. cxd4 d5 6. e5 Nc6 7. h3 Nh6 8. Be2 O-O 9. O-O f6 10.
exf6 exf6 11. Nc3 Be6 12. Bf4 Nf7 13. Re1 Re8 14. Bf1 Nd6 15. Rc1 Rc8 16. b3 Bf7 17.
Rxe8+ Nxe8 18. Qd2 Bf8 19. Na4 Nd6 20. Nc5 Ne4 21. Qe3 Nxc5 22. dxc5 d4 23. Qd2 Qa5 24. Qxa5 Nxa5 25. b4 Nc6 26. a3 a6 27. Rd1 Rd8 28.
Bd3 Bb3 29. Re1 Bd5 30. Nd2 a5 31. Bc7 Rc8 32. Bb6 axb4 33. axb4 Nxb4 34. Bc4 Bxc4 35. Nxc4 Bxc5 36. Bxc5 Rxc5 37. Nd6 Re5 38. Rb1 Nd5 39.
Nxb7 d3 40. Nc5 d2 41. Kf1 Nc3 42. Rb8+ Kf7 43. Rb7+ Kg8 44. Rb8+ Kg7 45. Rb7+ Kh6 46. Rd7 Re1# 0-1

[Event "*** Qualifier 2: Titled Tuesday 3|2 Blitz"]
[Site "Chess.com"]
[Date "2017.04.11"]
[Round "6"]
[White "feigelag"]
[Black "Hikaru"]
[Result "0-1"]
[WhiteElo "2209"]
[BlackElo "2918"]
[TimeControl "180+2"]
[EndTime "14:23:59 PDT"]
[Termination "Hikaru won by resignation"]

1. d4 Nf6 2. c4 e6 3. Nf3 d5 4. g3 Bb4+ 5. Bd2 Be7 6. Bg2 O-O 7.
O-O Nbd7 8. Qc2 Ne4 9. Bf4 c6 10. Nc3 g5 11. Be3 Nd6 12. b3 Nf5 13. Bc1 g4 14. Nd2 Nxd4 15. Qd1 Bf6 16. Bb2 h5 17. e3 Nf5 18. h3 Ne5 19. e4 Nd3 20. exf5 Nxb2 21.
Qc2 Qa5 22. Rac1 Qxc3 23. Qxc3 Bxc3 24. Rxc3 d4 25. Rc2 Nd3 26. hxg4 hxg4 27. fxe6 Bxe6 28. Ne4 Rad8 29. Rd2 Ne5 30. Rfd1 d3 31. Nc5 Bf5 32. Nxb7 Rd4 33. Nc5 Kg7 34. Re1 f6 35. Re3 Kg6 36.
Kf1 a5 37. Na4 Rfd8 38. Nc5 Rb8 39. f4 gxf3 40. Bxf3 Nxf3 41. Rxf3 Re8 42. Kf2 Kg5 43. Re3 Re5 44. Rxe5 fxe5 45. Ke3 Kg4 46. Nxd3 Rxd3+ 47. Rxd3 Bxd3 48. Kxd3 Kf3 49. Kd2 e4 50. Ke1 c5 51.
a3 Kxg3 52. Ke2 Kf4 53. Kf2 e3+ 54. Ke2 Ke4 55. b4 cxb4 56. axb4 axb4 57. c5 b3 58. c6 b2 59. c7 b1=Q 60. c8=Q Qb2+ 61. Kd1 0-1

[Event "*** Qualifier 2: Titled Tuesday 3|2 Blitz"]
[Site "Chess.com"]
[Date "2017.04.11"]
[Round "6"]
[White "nickmatta"]
[Black "Wolverine_master"]
[Result "1-0"]
[WhiteElo "2282"]
[BlackElo "1973"]
[TimeControl "180+2"]
[EndTime "14:24:00 PDT"]
[Termination "nickmatta won by resignation"]

1. d4 Nf6 2. c4 c5 3. Nf3 g6 4. g3 Bg7 5. Bg2 O-O 6. Nc3 cxd4 7.
Nxd4 Nc6 8. Nc2 d6 9. O-O Be6 10. b3 Qa5 11. Bb2 Qh5 12. e4 Bg4 13. f3 Bh3 14. g4 Qh4 15. Qe1 Qxe1 16. Rfxe1 Bxg2 17. Kxg2 Ne5 18. Rad1 g5 19. Ne3 Nfd7 20. Nf5 Bf6 21. Nd5 Rae8 22. Nxf6+ Nxf6 23. Bxe5 dxe5 24. h4 gxh4 25.
Rh1 e6 26. Nd6 Re7 27. Rxh4 Rd7 28. c5 Ne8 29. Rh5 Nxd6 30. cxd6 Rfd8 31. Rdh1 f6 32. g5 Rg7 33. Kg3 fxg5 34. Rd1 Kf7 35. Kg4 Kf6 36. Rh6+ Kf7 37. Rc1 Rxd6 38. Rc7+ Kg8 39. Rc8+ Kf7 40. Rc7+ Kf8 41. Rf6+ Ke8 42. Rxg7 Rd2 43. Rxe6+ Kf8 44.
Rxb7 1-0

[Event "*** Qualifier 2: Titled Tuesday 3|2 Blitz"]
[Site "Chess.com"]
[Date "2017.04.11"]
[Round "6"]
[White "Kozok"]
[Black "Abrito99"]
[Result "0-1"]
[WhiteElo "2279"]
[BlackElo "2324"]
[TimeControl "180+2"]
[EndTime "14:24:01 PDT"]
[Termination "Abrito99 won by resignation"]

1. e4 c5 2. Nf3 e6 3. d4 cxd4 4.
Nxd4 Nc6 5. Nc3 Qc7 6. Be3 a6 7. Be2 Nf6 8. O-O Be7 9. f4 d6 10. Qe1 O-O 11. Qg3 b5 12. a3 Nxd4 13. Bxd4 Bb7 14.
Rae1 Rfe8 15. Bd3 d5 16. exd5 Bc5 17. Bxc5 Qxc5+ 18. Kh1 Nxd5 19. Re5 Qd4 20. Ne4 Rad8 21. c3 Qb6 22. Ng5 Nf6 23. f5 exf5 24. Rexf5 Re3 25.
Rxf6 gxf6 26. Bxh7+ Kf8 27. Nf3 Bxf3 28. gxf3 Re2 29.
Bf5 Qd6 30. Qh3 Qf4 31. Be4 Red2 32. Re1 Rd1 33. Qf1 Rxe1 34. Qxe1 Rd2 35. Qg1 f5 36. Qc5+ Kg7 37. Qg1+ Kf6 38. Qb6+ Rd6 39. Qb8 Rd1+ 40. Kg2 Qxb8 0-1